[Event "Limburg Open 2022"]
[Site "Maastricht"]
[Date "2022.06.04"]
[Round "3.12"]
[White "Suvorov, Alexander"]
[Black "Arndt, Stefan"]
[Result "1-0"]
[ECO "D36"]
[WhiteElo "2348"]
[BlackElo "2138"]
[PlyCount "105"]
[EventDate "2022.06.03"]
[EventType "swiss"]
[EventRounds "7"]
[EventCountry "NED"]
[SourceTitle "Limburg Open"]
[Source "Limburg Open"]
[SourceDate "2022.06.06"]
[SourceVersion "7"]
[SourceVersionDate "2022.06.06"]
[SourceQuality "1"]
[TimeControl "7200+15"]

1. d4 d5 2. c4 e6 3. Nc3 Nf6 4. cxd5 exd5 5. Bg5 Be7 6. e3 O-O 7. Bd3 Re8 8. Nge2 c6 9. O-O Nbd7 10. Qc2 Nf8 11.
f3 g6 12. Rad1 Ne6 13. Bh4 b5 14. h3 Bb7 15. Bf2 Rc8 16. a3 a5 17. Qd2 b4 18. axb4 axb4
19. Na4 c5 20. Nxc5 Nxc5 21. dxc5 Bxc5 22. Nd4 Qb6 23. Ra1 Ra8 24. Rfc1 Rxa1
25. Rxa1 Ra8 26. Rxa8+ Bxa8 27. Qc2 Bb7 28. Qa4 Kg7 29. g4 Qa7 30. Qxa7 Bxa7
31. Bb5 Kf8 32. b3 Ne8 33. Be1 Bc5 34. Nc2 Nc7 35. Bf1 Ba6 36. Bxb4 Bxb4 37.
Nxb4 Bxf1 38. Kxf1 Ke7 39. Ke2 Kd6 40. Kd3 Ne6 41. h4 h5 42. gxh5 gxh5 43. Nc2
Nf8 44. Nd4 Ng6 45. Nf5+ Ke5 46. Ng7 Nxh4 47. f4+ Kd6 48. Nxh5 Nf5 49. Nf6 Kc5
50. Nxd5 Kxd5 51. e4+ Ke6 52. exf5+ Kxf5 53. Ke3 1-0

[Event "Limburg Open 2022"]
[Site "Maastricht"]
[Date "2022.06.04"]
[Round "3.13"]
[White "Marciano, Orry"]
[Black "Freeke, Matthieu"]
[Result "0-1"]
[ECO "E04"]
[WhiteElo "1753"]
[BlackElo "2347"]
[PlyCount "54"]
[EventDate "2022.06.03"]
[EventType "swiss"]
[EventRounds "7"]
[EventCountry "NED"]
[SourceTitle "Limburg Open"]
[Source "Limburg Open"]
[SourceDate "2022.06.06"]
[SourceVersion "7"]
[SourceVersionDate "2022.06.06"]
[SourceQuality "1"]
[TimeControl "7200+15"]

1. Nf3 d5 2. g3 c5 3. Bg2 Nc6 4. d4 e6 5. O-O Nf6 6. c4 dxc4 7. dxc5 Qxd1 8. Rxd1 Bxc5 9. Nbd2 c3 10. bxc3 O-O 11. Nb3 Be7 12. c4 Bd7 13. Be3 b6 14. c5 Nd5 15.
cxb6 axb6 16. Bg5 Ra7 17. Bxe7 Ncxe7 18. e4 Nc3 19. Rd6 Nxe4 20. Rd4 Nc3 21.
Rd2 Bc6 22. Nbd4 Be4 23. Rb2 Ned5 24. Nc6 Ra4 25. Nfe5 Bxg2 26. Kxg2 Rfa8 27.
Nd7 Rxa2 0-1

[Event "Limburg Open 2022"]
[Site "Maastricht"]
[Date "2022.06.04"]
[Round "3.14"]
[White "Van Dael, Siem"]
[Black "Roorda, Thijs"]
[Result "1-0"]
[ECO "C13"]
[WhiteElo "2317"]
[BlackElo "2104"]
[PlyCount "53"]
[EventDate "2022.06.03"]
[EventType "swiss"]
[EventRounds "7"]
[EventCountry "NED"]
[SourceTitle "Limburg Open"]
[Source "Limburg Open"]
[SourceDate "2022.06.06"]
[SourceVersion "7"]
[SourceVersionDate "2022.06.06"]
[SourceQuality "1"]
[TimeControl "7200+15"]

1. e4 e6 2. d4 d5 3. Nc3 Nf6 4. Bg5 dxe4 5. Nxe4 Be7 6. Bxf6 gxf6 7. Nf3 f5 8. Nc3 Bf6 9. Qd2 c6 10. O-O-O Nd7 11.
h3 h5 12. Kb1 Nb6 13. Bd3 Bg7 14. Qf4 Bh6 15. Qe5 f6
16. Qe2 Kf7 17. Rdg1 Nd5 18. Nxd5 cxd5 19. g4 fxg4 20. hxg4 e5 21. Rxh5 e4 22.
Rxd5 exd3 23. Rxd8 dxe2 24. Rxh8 Bxg4 25. Rh7+ Ke6 26. Rxg4 Bd2 27. Re4+ 1-0

[Event "Limburg Open 2022"]
[Site "Maastricht"]
[Date "2022.06.05"]
[Round "4.1"]
[White "Van Foreest, Lucas"]
[Black "Gurevich, Mikhail"]
[Result "1/2-1/2"]
[ECO "A84"]
[WhiteElo "2553"]
[BlackElo "2576"]
[PlyCount "66"]
[EventDate "2022.06.03"]
[EventType "swiss"]
[EventRounds "7"]
[EventCountry "NED"]
[SourceTitle "Limburg Open"]
[Source "Limburg Open"]
[SourceDate "2022.06.06"]
[SourceVersion "7"]
[SourceVersionDate "2022.06.06"]
[SourceQuality "1"]
[TimeControl "7200+15"]

1. d4 f5 2. c4 d6 3. Nf3 Nf6 4. e3 g6 5. Be2 Bg7 6. b4 e5 7. dxe5 dxe5 8.
Qxd8+ Kxd8 9. Bb2 e4 10. Nd4 Na6 11. Nc2 c5 12. b5 Nc7 13. f3 b6 14. a4 Bb7 15. f4 a5 16. Nd2 Ke7 17. h3 h5 18. h4 Rhd8 19. O-O-O Bc8 20.
Nb1 Be6 21. Rxd8 Rxd8 22. Rd1 Rxd1+ 23. Kxd1 Nce8 24. Nd2 Nd6 25. Ke1 Kf7 26. g3 Nd7 27. Bxg7 Kxg7 28. Na3 Kf7 29. Kf2 Nf6 30. Kg2 Ke7 31. Kg1 Kd8 32. Kg2 Kd7 33. Kg1 Ke7 1/2-1/2

[Event "Limburg Open 2022"]
[Site "Maastricht"]
[Date "2022.06.05"]
[Round "4.2"]
[White "Lenaerts, Lennert"]
[Black "Warmerdam, Max"]
[Result "0-1"]
[ECO "B52"]
[WhiteElo "2353"]
[BlackElo "2613"]
[PlyCount "78"]
[EventDate "2022.06.03"]
[EventType "swiss"]
[EventRounds "7"]
[EventCountry "NED"]
[SourceTitle "Limburg Open"]
[Source "Limburg Open"]
[SourceDate "2022.06.06"]
[SourceVersion "7"]
[SourceVersionDate "2022.06.06"]
[SourceQuality "1"]
[TimeControl "7200+15"]

1. e4 c5 2. Nf3 d6 3. Bb5+ Bd7 4. Bxd7+ Nxd7 5. O-O e6 6. d4 cxd4 7. Nxd4 Ngf6 8. Qe2 Be7 9. c4 a6 10. Nc3 Rc8 11. a4 Qa5 12. Nc2 Ne5 13.
Ne3 O-O 14. Bd2 Qc5 15. b3 Bd8 16. Nc2 Ba5 17. Rab1 Rfe8 18. Rfe1 Qc7 19. h3 Nfd7 20. f4 Nc6 21. Kh1 Qb8 22. Qf3 Nb4 23.
Ne3 Qc7 24. Red1 Nc5 25. f5 Qd8 26. Ng4 f6 27. fxe6 Nxe6 28.
Qg3 Kh8 29. Nd5 Nxd5 30. Bxa5 Qxa5 31. Rxd5 Nc5 32. Nf2 Qb4 33. Qxd6 h6 34. Qf4 Nxe4 35. Ng4 Rc5 36. Rxc5 Qxc5 37. Re1 f5 38. Re3 g5 39. Qf1 Qxe3 0-1

[Event "Limburg Open 2022"]
[Site "Maastricht"]
[Date "2022.06.05"]
[Round "4.3"]
[White "Donchenko, Alexander"]
[Black "Roebers, Eline"]
[Result "1-0"]
[ECO "D30"]
[WhiteElo "2602"]
[BlackElo "2378"]
[PlyCount "47"]
[EventDate "2022.06.03"]
[EventType "swiss"]
[EventRounds "7"]
[EventCountry "NED"]
[SourceTitle "Limburg Open"]
[Source "Limburg Open"]
[SourceDate "2022.06.06"]
[SourceVersion "7"]
[SourceVersionDate "2022.06.06"]
[SourceQuality "1"]
[TimeControl "7200+15"]

1. d4 d5 2. c4 c6 3. Nf3 Nf6 4. e3 e6 5. Bd3 dxc4 6. Bxc4 Nbd7 7. O-O Bd6 8. Nbd2 b5 9. Bd3 Qc7 10. a4 Bb7 11. axb5 cxb5 12. e4 Be7 13.
Bxb5 O-O 14. Qe2 Rfd8 15. b3 a6 16. Bd3 Nb8 17. Bb2 Qb6 18.
Nc4 Qxb3 19. Rfb1 Qb5 20. Ba3 Qd7 21. Nce5 Qc7 22. Rc1 Nc6 23. Bxe7 Qxe7 24. Nxc6 1-0

[Event "Limburg Open 2022"]
[Site "Maastricht"]
[Date "2022.06.05"]
[Round "4.4"]
[White "Dardha, Daniel"]
[Black "Suvorov, Alexander"]
[Result "1/2-1/2"]
[ECO "E60"]
[WhiteElo "2555"]
[BlackElo "2348"]
[PlyCount "72"]
[EventDate "2022.06.03"]
[EventType "swiss"]
[EventRounds "7"]
[EventCountry "NED"]
[SourceTitle "Limburg Open"]
[Source "Limburg Open"]
[SourceDate "2022.06.06"]
[SourceVersion "7"]
[SourceVersionDate "2022.06.06"]
[SourceQuality "1"]
[TimeControl "7200+15"]

1. d4 Nf6 2. c4 g6 3. h4 Bg7 4. Nc3 d6 5. e4 Nc6 6. Nge2 O-O 7. f3 e5 8. d5 Nd4 9. Be3 Nxe2 10. Nxe2 Nh5 11. g4 Nf4 12. Qd2 f5 13. gxf5 gxf5 14. O-O-O Nxe2+ 15. Bxe2 f4 16. Bf2 b6 17. Kb1 a5 18.
Bf1 Bf6 19. Bh3 Bxh3 20. Rxh3 Kh8 21. Rg1 Qd7 22. Rh2 Rg8 23. Qd1 Rg7 24. Rxg7 Qxg7 25. Qf1 Qd7 26. Rg2 Rg8 27. Rxg8+ Kxg8 28. Qg2+ Kf7 29. h5 Qa4 30. b3 Qb4 31. Qg4 Qd2 32. Qe6+ Kg7 33. h6+ Kg6 34. Qf5+ Kf7 35. Bh4 Qd1+ 36. Kb2 Qd2+ 1/2-1/2

[Event "Limburg Open 2022"]
[Site "Maastricht"]
[Date "2022.06.05"]
[Round "4.5"]
[White "Ernst, Sipke"]
[Black "Van Dael, Siem"]
[Result "1/2-1/2"]
[ECO "E97"]
[WhiteElo "2538"]
[BlackElo "2317"]
[PlyCount "65"]
[EventDate "2022.06.03"]
[EventType "swiss"]
[EventRounds "7"]
[EventCountry "NED"]
[SourceTitle "Limburg Open"]
[Source "Limburg Open"]
[SourceDate "2022.06.06"]
[SourceVersion "7"]
[SourceVersionDate "2022.06.06"]
[SourceQuality "1"]
[TimeControl "7200+15"]

1. d4 Nf6 2. c4 g6 3. Nc3 Bg7 4. e4 d6 5. Nf3 O-O 6. Be2 e5 7. O-O Nc6 8. d5 Ne7 9. b4 a5 10. bxa5 Rxa5 11. a4 Nh5 12. g3 f5 13. Ng5 Nf6 14. f3 h6 15.
Ne6 Bxe6 16. dxe6 fxe4 17. fxe4 Qc8 18. Rb1 b6 19. Bd2 Qxe6 20. Nb5 Rxb5 21. cxb5 Nxe4 22. Qc2 Nxd2 23. Rxf8+ Kxf8 24. Qxd2 e4 25. Rf1+ Ke8 26. a5 bxa5 27. Qxa5 Nf5 28. Rf4 Bd4+ 29. Kg2 d5 30. Qa4 Bb6 31. Qa8+ Kd7 32. g4 Qe5 33. gxf5 1/2-1/2

[Event "Limburg Open 2022"]
[Site "Maastricht"]
[Date "2022.06.05"]
[Round "4.6"]
[White "Freeke, Matthieu"]
[Black "Lahaye, Rick"]
[Result "0-1"]
[ECO "B94"]
[WhiteElo "2347"]
[BlackElo "2412"]
[PlyCount "64"]
[EventDate "2022.06.03"]
[EventType "swiss"]
[EventRounds "7"]
[EventCountry "NED"]
[SourceTitle "Limburg Open"]
[Source "Limburg Open"]
[SourceDate "2022.06.06"]
[SourceVersion "7"]
[SourceVersionDate "2022.06.06"]
[SourceQuality "1"]
[TimeControl "7200+15"]

1. e4 c5 2. Nf3 d6 3. d4 cxd4 4. Nxd4 Nf6 5. Nc3 a6 6. Bg5 Nbd7 7. Bc4 h6 8. Bxf6 Nxf6 9. Qe2 e6 10. O-O-O Qa5 11. f4 Qh5 12. Qd3 Nd7 13. e5 Nc5 14. Qd2 Bd7 15. b4 Na4 16. Nxa4 Bxa4 17. Bb3 Bxb3 18. Nxb3 O-O-O 19. Qe3 d5 20. Rd3 Qh4 21. g3 Qe7 22. Rc3+ Kb8 23. Qb6 Qd7 24. Rd1 Rc8 25. Rdd3 Be7 26. Nd4 Rxc3 27. Rxc3 Rc8 28. Rxc8+ Qxc8 29. Kd2 Qc4 30. c3 Qxa2+ 31.
Ke3 Qc4 32. b5 Bc5 0-1

[Event "Limburg Open 2022"]
[Site "Maastricht"]
[Date "2022.06.05"]
[Round "4.7"]
[White "Slagboom, Leandro"]
[Black "Gupta, Sankalp"]
[Result "1-0"]
[ECO "B15"]
[WhiteElo "2098"]
[BlackElo "2505"]
[PlyCount "67"]
[EventDate "2022.06.03"]
[EventType "swiss"]
[EventRounds "7"]
[EventCountry "NED"]
[SourceTitle "Limburg Open"]
[Source "Limburg Open"]
[SourceDate "2022.06.06"]
[SourceVersion "7"]
[SourceVersionDate "2022.06.06"]
[SourceQuality "1"]
[TimeControl "7200+15"]

1. e4 c6 2. d4 d5 3. f3 g6 4. Nc3 Bg7 5. Be3 Nf6 6. e5 Nfd7 7. f4 b5 8. Nf3 e6 9. a3 Nb6 10. h4 h5 11. g4 Nc4 12. Bxc4 bxc4 13. gxh5 Rxh5 14. Ne2 Nd7 15. Ng3 Rh8 16. h5 Rb8 17. Rb1 c3 18. b3 Ba6 19. Kf2 Qe7 20.
Qg1 Rg8 21. f5 exf5 22. h6 Bf8 23. Nxf5 Qe6 24. Ng7+ Bxg7 25. hxg7 Qf5 26. Qg5 f6 27. Qxf5 gxf5 28. e6 Nb6 29. Nh4 Ke7 30. Bf4 Rbe8 31. Rbe1 Bc8 32. Nxf5+ Kd8 33. e7+ Kd7 34. Rh6 1-0

[Event "Limburg Open 2022"]
[Site "Maastricht"]
[Date "2022.06.05"]
[Round "4.8"]
[White "Zwirs, Nico"]
[Black "Wild, Achim"]
[Result "1-0"]
[ECO "C41"]
[WhiteElo "2475"]
[BlackElo "2258"]
[PlyCount "123"]
[EventDate "2022.06.03"]
[EventType "swiss"]
[EventRounds "7"]
[EventCountry "NED"]
[SourceTitle "Limburg Open"]
[Source "Limburg Open"]
[SourceDate "2022.06.06"]
[SourceVersion "7"]
[SourceVersionDate "2022.06.06"]
[SourceQuality "1"]
[TimeControl "7200+15"]

1. e4 d6 2. d4 Nf6 3. Nc3 e5 4. Nf3 Nbd7 5. Bc4 Be7 6. O-O O-O 7. a4 c6 8. Re1 h6 9. h3 Re8 10. Be3 exd4 11. Qxd4 Nf8 12. Rad1 Be6 13. Bf4 a6 14. Bf1 d5 15. e5 N6d7 16. Ne2 Ng6 17. Bg3 Qa5 18.
Ra1 c5 19. Qd1 Rad8 20. Nf4 Nxf4 21. Bxf4 Nf8 22. Bd3 d4 23. Nd2 Qc7 24. b3 Qc6 25. a5 Bd5 26. Ne4 Ne6 27. Bd2 Ng5 28.
Bxg5 hxg5 29. Qg4 Qh6 30. Nd2 Bf8 31. Nc4 Be6 32. Qf3 Qh4 33.
Bf5 Bxc4 34. bxc4 g6 35. Be4 Rxe5 36. Bxb7 Rf5 37. Qg3 Qxg3 38. fxg3 Rf6 39. Rab1 Kg7 40. Rf1 Rxf1+ 41. Kxf1 Rb8 42. Rb6 Be7 43. Bxa6 Ra8 44. Rc6 Bd8 45. Bb5 Bxa5 46. Rxc5 Ra7 47. Rxg5 f5 48. Be8 Ra6 49. Bxg6 Rxg6 50. Rxf5 Bc3 51. c5 Ra6 52. Ke2 Ba1 53. g4 Ra2 54. Kd2 Ra3 55. Rf3 Ra5 56. Rf5 Ra3 57. c6 Rc3 58. Ra5 Bb2 59. Rb5 Ba3 60. Rb3 Rxb3 61. cxb3 Bd6 62. Kd3 1-0

[Event "Limburg Open 2022"]
[Site "Maastricht"]
[Date "2022.06.05"]
[Round "4.9"]
[White "Noiroux, Kevin"]
[Black "Braun, Christian"]
[Result "0-1"]
[ECO "D00"]
[WhiteElo "2210"]
[BlackElo "2428"]
[PlyCount "78"]
[EventDate "2022.06.03"]
[EventType "swiss"]
[EventRounds "7"]
[EventCountry "NED"]
[SourceTitle "Limburg Open"]
[Source "Limburg Open"]
[SourceDate "2022.06.06"]
[SourceVersion "7"]
[SourceVersionDate "2022.06.06"]
[SourceQuality "1"]
[TimeControl "7200+15"]

1. d4 Nf6 2. Nf3 g6 3. Nc3 d5 4. Bf4 Bg7 5. e3 O-O 6. Be2 c5 7. dxc5 Nbd7 8. Nxd5 Nxd5 9. Qxd5 Bxb2 10. O-O Bxa1 11. Rxa1 Qa5 12. Bh6 Qxc5 13. Qb3 b6 14. Rd1 Nf6 15. Ng5 Bf5 16. Bc4 e6 17. Qb2 Nh5 18. Bb3 Rad8 19. Rf1 Rc8 20. e4 Bg4 21. h3 Be2 22. Re1 Qd6 23. Bxf8 Rxf8 24. c4 Bd3 25. Rd1 Rd8 26. Qd2 Nf4 27. g3 Ne2+ 28. Kg2 Qc5 29. Nf3 b5 30. Qxe2 Bxe2 31. Rxd8+ Kg7 32. cxb5 Qc1 33. Nd2 Bxb5 34. a4 Bc6 35. f3 Qe1 36. h4 a5 37. Rd6 Bd5 38.
exd5 Qxd2+ 39. Kh3 Qb4 0-1

[Event "Limburg Open 2022"]
[Site "Maastricht"]
[Date "2022.06.05"]
[Round "4.10"]
[White "Ondersteijn, Niels"]
[Black "Pham, Khoi"]
[Result "1/2-1/2"]
[ECO "A12"]
[WhiteElo "2376"]
[BlackElo "2244"]
[PlyCount "91"]
[EventDate "2022.06.03"]
[EventType "swiss"]
[EventRounds "7"]
[EventCountry "NED"]
[SourceTitle "Limburg Open"]
[Source "Limburg Open"]
[SourceDate "2022.06.06"]
[SourceVersion "7"]
[SourceVersionDate "2022.06.06"]
[SourceQuality "1"]
[TimeControl "7200+15"]

1. b3 d5 2. Bb2 Bf5 3. Nf3 e6 4. c4 c6 5. g3 h6 6. Bg2 Nf6 7. O-O Be7 8. d3 O-O 9. Nbd2 Nbd7 10. a3 a5 11. Ra2 Qc7 12. Qa1 Rfd8 13.
Rc1 Qb6 14. Bc3 Qa6 15. cxd5 cxd5 16. a4 Bg6 17. Rac2 Ne8 18. Nd4 Nc5 19. N2f3 Bf6 20. Qa3 Qb6 21. Nb5 Na6 22. Bxf6 Nxf6 23. Ne5 Bh5 24. Qb2 Nb4 25. Rc7 Na6 26. R7c2 Nb4 27. Rc3 Ng4 28. Nxg4 Bxg4 29. Rc7 Nc6 30. h3 Bf5 31. g4 Bg6 32. Qc3 Rac8 33. Rxc8 Rxc8 34. Qc5 Qxc5 35. Rxc5 b6 36. Rc1 Na7 37. Rxc8+ Nxc8 38. f4 Kf8 39. Kf2 Ke7 40. Nd4 Kd6 41. Ke3 Kc5 42. Nc2 Nd6 43. Kd2 b5 44. axb5 Nxb5 45. e3 d4 46. e4 1/2-1/2

[Event "Limburg Open 2022"]
[Site "Maastricht"]
[Date "2022.06.05"]
[Round "4.11"]
[White "De Rover, Yong Hoon"]
[Black "Kucharska, Honorata"]
[Result "1/2-1/2"]
[ECO "C18"]
[WhiteElo "2359"]
[BlackElo "2181"]
[PlyCount "110"]
[EventDate "2022.06.03"]
[EventType "swiss"]
[EventRounds "7"]
[EventCountry "NED"]
[SourceTitle "Limburg Open"]
[Source "Limburg Open"]
[SourceDate "2022.06.06"]
[SourceVersion "7"]
[SourceVersionDate "2022.06.06"]
[SourceQuality "1"]
[TimeControl "7200+15"]

1. e4 e6 2. d4 d5 3. Nc3 Bb4 4. e5 c5 5. a3 Bxc3+ 6. bxc3 Qa5 7. Bd2 Qa4 8. Qb1 c4 9. h4 Nc6 10. h5 h6 11. Nf3 Bd7 12. Be2 O-O-O 13. Nh4 Nge7 14. g3 Rdg8 15. Qc1 a6 16. Ng2 g5 17. Ne3 Rf8 18.
Ng4 Ng8 19. f4 gxf4 20. Bxf4 Qa5 21. Qe3 Nce7 22. O-O Nf5 23. Qd2 Kb8 24. Nf6 Bc6 25. g4 Nfe7 26. a4 Ka8 27. Rfb1 Nc8 28.
Rb4 Nd6 29. Nxg8 Ne4 30. Qe3 Rfxg8 31. Kh2 Qd8 32. Kh3 f6 33. exf6 Qxf6 34. Rf1 Qe7 35. Bf3 Ng5+ 36. Bxg5 Rxg5 37. Re1 Rf8 38. a5 Qf6 39. Rf1 Rfg8 40. Be2 Qg7 41. Rf2 Rxg4 42. Rf8+ Qxf8 43. Bxg4 Qf1+ 44. Kg3 Qf5 45. Qe2 Qxh5 46. Qxe6 Qg6 47. Qxg6 Rxg6 48. Kf4 Ka7 49. Rb1 Rf6+ 50. Ke3 Be8 51. Bf3 Bf7 52. Rg1 Kb8 53. Rg7 Kc8 54. Rh7 Kd8 55. Rh8+ Kc7 {[%emt 0:01:39] Ke4} 1/2-1/2

[Event "Limburg Open 2022"]
[Site "Maastricht"]
[Date "2022.06.05"]
[Round "4.12"]
[White "Rebers, Eugene"]
[Black "Kopylov, Daniel"]
[Result "0-1"]
[ECO "A03"]
[WhiteElo "2194"]
[BlackElo "2326"]
[PlyCount "50"]
[EventDate "2022.06.03"]
[EventType "swiss"]
[EventRounds "7"]
[EventCountry "NED"]
[SourceTitle "Limburg Open"]
[Source "Limburg Open"]
[SourceDate "2022.06.06"]
[SourceVersion "7"]
[SourceVersionDate "2022.06.06"]
[SourceQuality "1"]
[TimeControl "7200+15"]

1. f4 Nf6 2. Nf3 g6 3. g3 Bg7 4. Bg2 O-O 5. O-O c5 6. d3 d5 7. c3 Nc6 8. Na3 b6 9. Bd2 Bb7 10. b4 cxb4 11. cxb4 Ng4 12. Rb1 b5 13. e3 Qb6 14. Qe2 e5 15. fxe5 d4 16. e4 Ncxe5 17. Nxe5 Nxe5 18. Rfc1 Rfc8 19. Rc5 Rxc5 20. bxc5 Qxc5 21. Rxb5 Qxa3 22. Rxb7 Qxa2 23. Qd1 Nxd3 24. e5 Rc8 25. Qg4 Rc1+ 0-1

[Event "Limburg Open 2022"]
[Site "Maastricht"]
[Date "2022.06.05"]
[Round "4.13"]
[White "Fischer, Daniel"]
[Black "Bentel, Robin"]
[Result "1-0"]
[ECO "B90"]
[WhiteElo "2324"]
[BlackElo "2225"]
[PlyCount "69"]
[EventDate "2022.06.03"]
[EventType "swiss"]
[EventRounds "7"]
[EventCountry "NED"]
[SourceTitle "Limburg Open"]
[Source "Limburg Open"]
[SourceDate "2022.06.06"]
[SourceVersion "7"]
[SourceVersionDate "2022.06.06"]
[SourceQuality "1"]
[TimeControl "7200+15"]

1. e4 c5 2. Nf3 d6 3. d4 cxd4 4. Nxd4 Nf6 5. Nc3 a6 6. Be3 e5 7. Nb3 Be7 8. h3 Be6 9. f4 exf4 10. Bxf4 Nc6 11. Qe2 Nd7 12. O-O-O Nde5 13. Kb1 O-O 14. g4 b5 15. Nd5 a5 16. Qxb5 a4 17. Nd4 Bxd5 18. Qxd5 Ra5 19. Nb5 Bg5 20. Bxg5 Qxg5 21. Qd2 Qe7 22. Be2 Rb8 23. Nxd6 Qc7 24. Qe3 a3 25. b3 Nb4 26. c3 Nxa2 27. Kxa2 Rxb3 28. Nc4 Rab5 29. Qd4 Rb8 30. Qxe5 Rb2+ 31. Ka1 Qb7 32. Qa5 h6 33. Rd8+ Rxd8 34. Qxd8+ Kh7 35. Qd1 1-0

[Event "Limburg Open 2022"]
[Site "Maastricht"]
[Date "2022.06.05"]
[Round "4.14"]
[White "Decoster, Frederic"]
[Black "Bruil, Rembrandt"]
[Result "1/2-1/2"]
[ECO "B35"]
[WhiteElo "2295"]
[BlackElo "2166"]
[PlyCount "88"]
[EventDate "2022.06.03"]
[EventType "swiss"]
[EventRounds "7"]
[EventCountry "NED"]
[SourceTitle "Limburg Open"]
[Source "Limburg Open"]
[SourceDate "2022.06.06"]
[SourceVersion "7"]
[SourceVersionDate "2022.06.06"]
[SourceQuality "1"]
[TimeControl "7200+15"]

1. e4 c5 2. Nf3 Nc6 3. d4 cxd4 4. Nxd4 g6 5. Nc3 Bg7 6. Be3 Nf6 7. Bc4 O-O 8. Bb3 Re8 9. Nxc6 dxc6 10. Qxd8 Rxd8 11. a4 Ng4 12. Bg5 h6 13. Bxe7 Bxc3+ 14. bxc3 Re8 15. Ba3 Rxe4+ 16. Kd2 Re8 17. Rhe1 Be6 18. Re2 Rad8+ 19. Ke1 Bxb3 20. cxb3 Rxe2+ 21. Kxe2 Re8+ 22. Kf3 Ne5+ 23. Kg3 Rd8 24. Re1 Rd3+ 25. Re3 Rxe3+ 26. fxe3 f6 27. e4 Kf7 28. Kf4 h5 29. h3 Ke6 30. Ke3 g5 31. c4 Ng6 32. Kf3 Nf4 33.
Bc5 b6 34. Be3 Nd3 35. a5 Ne5+ 36. Ke2 c5 37. axb6 axb6 38. Bd2 Nc6 39. Kd3 Nd4 40. b4 Nc6 41. bxc5 bxc5 42. Be3 Ne5+ 43. Kc3 Kd6 44. Bf2 Nd7 1/2-1/2

[Event "Limburg Open 2022"]
[Site "Maastricht"]
[Date "2022.06.05"]
[Round "5.1"]
[White "Warmerdam, Max"]
[Black "Slagboom, Leandro"]
[Result "1-0"]
[ECO "A07"]
[WhiteElo "2613"]
[BlackElo "2098"]
[PlyCount "87"]
[EventDate "2022.06.03"]
[EventType "swiss"]
[EventRounds "7"]
[EventCountry "NED"]
[SourceTitle "Limburg Open"]
[Source "Limburg Open"]
[SourceDate "2022.06.06"]
[SourceVersion "7"]
[SourceVersionDate "2022.06.06"]
[SourceQuality "1"]
[TimeControl "7200+15"]

1. Nf3 d5 2. g3 Bg4 3. Bg2 c6 4. h3 Bh5 5. c4 e6 6. d4 Nd7 7. cxd5 exd5 8. Nc3 Ngf6 9. Ne5 Nxe5 10. dxe5 Nd7 11. O-O Bc5 12. Na4 Qe7 13. Nxc5 Nxc5 14. Be3 O-O 15. Rc1 Nd7 16. g4 Bg6 17. f4 f5 18. g5 Bh5 19. Rf2 Rf7 20. b4 Nb6 21. Bxb6 axb6 22. b5 Qe8 23.
Qb3 Re7 24. bxc6 bxc6 25. Rxc6 Qxc6 26. Bxd5+ Bf7 27. Bxc6 Bxb3 28. Bxa8 Bxa2 29. e4 Be6 30. Bd5 fxe4 31. Bxe6+ Rxe6 32. Rc2 b5 33. Kf2 Rb6 34. Rc8+ Kf7 35. f5 b4 36. e6+ Ke7 37. Rg8 g6 38. Rg7+ Ke8 39. Rg8+ Ke7 40. Rg7+ Ke8 41. Rxh7 gxf5 42. g6 e3+ 43. Ke2 Rxe6 44. Rh8+ 1-0

[Event "Limburg Open 2022"]
[Site "Maastricht"]
[Date "2022.06.05"]
[Round "5.2"]
[White "Gurevich, Mikhail"]
[Black "Donchenko, Alexander"]
[Result "0-1"]
[ECO "A28"]
[WhiteElo "2576"]
[BlackElo "2602"]
[PlyCount "122"]
[EventDate "2022.06.03"]
[EventType "swiss"]
[EventRounds "7"]
[EventCountry "NED"]
[SourceTitle "Limburg Open"]
[Source "Limburg Open"]
[SourceDate "2022.06.06"]
[SourceVersion "7"]
[SourceVersionDate "2022.06.06"]
[SourceQuality "1"]
[TimeControl "7200+15"]

1. c4 Nf6 2. Nc3 e5 3. Nf3 Nc6 4. a3 d5 5. cxd5 Nxd5 6. Qc2 Nxc3 7. bxc3 Bd6 8. g3 O-O 9. Bg2 Re8 10. d3 Bf5 11. e4 Be6 12. Ng5 Bd7 13.
O-O h6 14. Nf3 Na5 15. d4 Qe7 16. Nxe5 Bxe5 17. dxe5 Qxe5 18. Bf4 Qc5 19. Qb2 Qb5 20. Qc2 c5 21. Rfd1 Qa4 22. Qe2 Bf5 23. f3 Be6 24. Qe3 Bb3 25.
Rd3 b6 26. Bh3 Nc4 27. Qc1 Ne5 28. Bxe5 Rxe5 29. Qd2 Re7 30. Rd6 Rf8 31. Bf5 Be6 32. g4 b5 33. Kh1 a5 34. Rg1 Qxa3 35. g5 Qa2 36. Qf4 h5 37.
g6 fxg6 38. Qg5 Bxf5 39. Qxe7 Qe2 40. Rd8 Qxf3+ 41. Rg2 Bg4 42. Rxf8+ Qxf8 43. Qxf8+ Kxf8 44. Ra2 a4 45. c4 Be6 46. Rf2+ Ke7 47. cxb5 a3 48. Rf3 a2 49. Ra3 Kd6 50. Ra6+ Kc7 51. Kg2 Bb3 52. Kf2 g5 53. Ke3 g4 54. Kf4 c4 55. e5 c3 56. Ke3 h4 57.
Kd3 c2 58. Kd2 g3 59. hxg3 h3 60. e6 h2 61. e7 Kd7 0-1

[Event "Limburg Open 2022"]
[Site "Maastricht"]
[Date "2022.06.05"]
[Round "5.3"]
[White "Schroer, Marcel"]
[Black "Van Foreest, Lucas"]
[Result "0-1"]
[ECO "D02"]
[WhiteElo "2096"]
[BlackElo "2553"]
[PlyCount "112"]
[EventDate "2022.06.03"]
[EventType "swiss"]
[EventRounds "7"]
[EventCountry "NED"]
[SourceTitle "Limburg Open"]
[Source "Limburg Open"]
[SourceDate "2022.06.06"]
[SourceVersion "7"]
[SourceVersionDate "2022.06.06"]
[SourceQuality "1"]
[TimeControl "7200+15"]

1. d4 d5 2. Nf3 e6 3. g3 b6 4. Bg2 Bb7 5. O-O Nd7 6. c4 dxc4 7. Qa4 a6 8.
Qxc4 b5 9. Qd3 Ngf6 10. Bg5 c5 11. dxc5 Nxc5 12. Qxd8+ Rxd8 13. Nc3 b4 14. Bxf6 gxf6 15. Nd1 Bh6 16. Ne3 Bxe3 17. fxe3 Na4 18. Nd4 Bxg2 19. Kxg2 Nxb2 20. Nc6 Rd6 21. Nxb4 a5 22. Rab1 Nc4 23. Nc2 O-O 24. Rfd1 Rxd1 25. Rxd1 Rc8 26. h3 Ne5 27. Ne1 Rc3 28. Kf2 Ra3 29. Ra1 Nc4 30. Nd3 Nd2 31. h4 f5 32. Kg2 Kg7 33.
Kf2 Kf6 34. Kg2 a4 35. Kf2 Ne4+ 36. Kg2 Nd2 37. Kf2 Nb3 38. axb3 Rxa1 39. bxa4 Rxa4 40. Ne1 h6 41. Ng2 Ke5 42. Nf4 Ke4 43. Nh5 Rc4 44. Nf6+ Ke5 45. Nh5 Ra4 46. Nf4 Kd6 47. Nh3 e5 48. Ng1 f6 49. Nf3 Kd5 50.
Ng1 Ke4 51. Nf3 Ra2 52. Ne1 Ra3 53. Nd3 Rxd3 54. exd3+ Kxd3 55. Kf3 h5 56. Kf2 e4 0-1